AoeStats
← KK

Arabia

507222282Analyzed
1v1 RM · 16d ago on Sep 17, 2026· 43m 20s· 2 players
Game mode
Random Map
Map size
Tiny (2 player)
Population
200
Speed
Normal
Resources
Standard
Victory
Conquest
Starting age
Dark Age
Ending age
Imperial Age
RankedLock teamsTeams togetherTeam positionsShared explorationLock speedFull tech treeHidden civsTurbo modeCheats
Victory
Defeat
🇨🇳 Khitans · China
1687
+21
🇻🇳 Malay · Vietnam
1791
-21
KK
6:32 Loom
9:19 Feudal Age
9:57 Double-Bit Axe
10:45 Domestication
12:04 Wheelbarrow
16:08 Forging
18:33 Scale Barding Armor
22:52 Castle Age
21:59 Gold Mining
23:47 Bow Saw
26:49 Pastoralism
34:25 Imperial Age
32:51 Chain Barding Armor
33:06 Iron Casting
32:24 Stone Mining
34:19 Husbandry
34:30 Light Cavalry
35:47 Plate Barding Armor
35:28 Ordo Cavalry
36:00 Hand Cart
35:31 Town Watch
35:27 Hussar
36:42 Fletching
39:44 Conscription
PomPom
7:14 Loom
9:40 Feudal Age
10:34 Double-Bit Axe
20:15 Castle Age
18:24 Fletching
20:13 Crossbowman
21:21 Bodkin Arrow
22:14 Padded Archer Armor
24:35 Wheelbarrow
24:33 Pikeman
33:47 Imperial Age
32:41 Town Watch
33:11 Arbalester
34:51 Bracer
37:27 Ballistics
39:27 Chemistry
39:40 Forging
39:49 Leather Archer Armor
41:32 Bow Saw
41:42 Squires
43:29 Horse Collar
Connection lost

Rejoining the realm…

Still unreachable

The connection could not be restored.

Session expired

The server has moved on; the page needs a fresh start.